 Dungeon Crawl Stone Soup version 0.20-a0-1006-ge6c5631 (webtiles) character file.

700 Murumi the Covert (level 7, -1/62 HPs)
             Began as a Naga Enchanter on Apr 13, 2017.
             Was an Initiate of Cheibriados.
             Slain by Pikel
             ... wielding a +1 whip of flaming
              (9 damage)
             ... on level 5 of the Dungeon.
             The game lasted 00:21:40 (5266 turns).

Murumi the Covert (Naga Enchanter)                  Turns: 5266, Time: 00:21:41

Health: -1/62      AC:  4    Str: 16    XL:     7   Next: 65%
Magic:  1/10       EV: 10    Int: 17    God:    Cheibriados [......]
Gold:   179        SH:  0    Dex: 16    Spells: 4/10 levels left

rFire    . . .     SeeInvis +   B - +1 dagger (drain)
rCold    . . .     Gourm    .   (no shield)
rNeg     . . .     Faith    .   b - +0 robe
rPois    +         Spirit   .   y - +0 helmet
rElec    .         Reflect  .   (no cloak)
rCorr    .         Harm     .   (no gloves)
MR       .....                  (no barding)
Stlth    +++++.....             (no amulet)
Regen    0.2/turn               s - +2 ring of dexterity
MPRegen  0.2/turn               (no ring)

@: mighty, very slightly contaminated, very slow
A: see invisible, deformed body, poison resistance, slowness 2, slow metabolism
1, spit poison 1, AC +2
a: Spit Poison, Bend Time, Renounce Religion


You were on level 5 of the Dungeon.
You worshipped Cheibriados.
Cheibriados was noncommittal.
You were very hungry.

You visited 1 branch of the dungeon, and saw 5 of its levels.

You collected 179 gold pieces.

Inventory:

Hand Weapons
 w - a +0 dagger of freezing
 B - a +1 dagger of draining (weapon)
Armour
 b - a +0 robe (worn)
 y - a +0 helmet (worn)
Jewellery
 s - a +2 ring of dexterity (left hand)
Wands
 A - a wand of random effects (34/48)
 D - a wand of random effects (42/48)
Scrolls
 g - 6 scrolls of teleportation {unknown}
 k - 2 scrolls of amnesia {unknown}
 m - a scroll of random uselessness {unknown}
 q - 2 scrolls of blinking {unknown}
 r - 2 scrolls of remove curse {unknown}
 v - a scroll of enchant weapon {unknown}
 z - a scroll of recharging {unknown}
Potions
 e - a potion of haste
 f - a potion of berserk rage
 j - a potion of brilliance
 l - a potion of might
 o - a potion of resistance {unknown}
 t - a potion of flight {unknown}
 u - a potion of mutation {unknown}
 x - a potion of lignification {unknown}
 C - a potion of curing {unknown}
Books
 c - a book of Maledictions

   Spells                             Type                      Level
   a - Corona                         Hexes                        1
   b - Ensorcelled Hibernation        Hexes/Ice                    2
   c - Confuse                        Hexes                        3
   d - Tukima's Dance                 Hexes                        3
   e - Dazzling Spray                 Conjuration/Hexes            3
Comestibles
 d - 6 bread rations
 h - 4 meat rations
 i - 7 fruits
 n - 2 royal jellies


   Skills:
 - Level 3.3 Fighting
 - Level 3.0 Short Blades
 - Level 2.0 Dodging
 + Level 10.9 Stealth
 - Level 2.0 Spellcasting
 - Level 3.0 Hexes


You had 4 spell levels left.
You knew the following spells:

 Your Spells              Type           Power        Failure   Level  Hunger
a - Corona                Hex            ##.....      6%          1    #......
b - Ensorcelled Hibernat  Hex/Ice        #.....       17%         2    ###....
c - Confuse               Hex            ##......     17%         3    ###....


Dungeon Overview and Level Annotations

Branches:
Dungeon (5/15)
 Temple: D:4-7

Altars:
Cheibriados
Qazlal
Sif Muna
Uskayaw
Xom
Yredelemnul

Annotations:
D:5 Pikel


Innate Abilities, Weirdness & Mutations

You cannot wear boots.
Your serpentine skin is tough. (AC +2)
You have supernaturally acute eyesight. (SInv)
Armour fits poorly on your strangely shaped body.
Your system is resistant to poisons. (rPois)
You cover ground very slowly.
You have a slow metabolism.
You can spit poison.


Message History

Pikel burns you.
* * * LOW HITPOINT WARNING * * *
Pikel completely misses you.
You hit Pikel.
Pikel is severely wounded.
Pikel barely misses you.
You barely miss Pikel.
Pikel is severely wounded.
Pikel hits you with a whip of flaming.
* * * LOW HITPOINT WARNING * * *
Pikel burns you.
* * * LOW HITPOINT WARNING * * *
You miss Pikel.
Pikel is severely wounded.
Pikel misses you. Pikel barely misses you.
You hit Pikel but do no damage.
Pikel is severely wounded.
Pikel is no longer moving quickly.
The slave seems less drained.
Pikel hits you with a whip of flaming!
You die...

..# #p. ..#
##.. .## ...
## .. #?##
#pp## #pp#
##K## ##@##
##.### ###
#...#....#
##.........
###..###.....
#.#..# ....
#...## ...
#...# .
##..##


You could see Pikel and 4 slaves.

Vanquished Creatures
  An ogre (D:5)
  Blork the orc (D:4)
  A scorpion (D:5)
  2 crimson imps (D:5)
  An orc priest (D:3)
  A bullfrog skeleton (D:5)
  2 orc wizards (D:3)
  A worker ant (D:4)
  A howler monkey zombie (D:5)
  A mummy (D:5)
  Robin (D:3)
  4 gnolls (D:3)
  9 adders
  An adder skeleton (D:4)
  An adder zombie (D:5)
  5 worms
  3 dart slugs
  A leopard gecko (D:1)
  6 orcs
  12 bats
  6 giant cockroaches
  19 goblins
  11 hobgoblins
  6 jackals
  7 kobolds
  2 quokkas
  A ball python (D:2)
  2 frilled lizards
  6 rats
  A spectral orc (D:4)
116 creatures vanquished.

Vanquished Creatures (others)
  A giant cockroach (D:1)
  A bat (D:1)
2 creatures vanquished.

Grand Total: 118 creatures vanquished

Notes
Turn   | Place    | Note
-------+----------+-------------------------------------------
     0 | D:1      | Murumi the Naga Enchanter began the quest for the Orb.
     0 | D:1      | Reached XP level 1. HP: 15/15 MP: 3/3
   189 | D:1      | Reached XP level 2. HP: 21/22 MP: 5/5
   193 | D:1      | Learned a level 2 spell: Ensorcelled Hibernation
   238 | D:1      | Reached skill level 5 in Stealth
   513 | D:1      | Reached skill level 1 in Fighting
  1007 | D:1      | Reached XP level 3. HP: 31/31 MP: 6/6
  1012 | D:1      | Learned a level 3 spell: Confuse
  1204 | D:2      | Reached skill level 6 in Stealth
  1409 | D:2      | Reached XP level 4. HP: 24/38 MP: 5/7
  1719 | D:2      | Reached skill level 7 in Stealth
  1810 | D:2      | Found a deep blue altar of Sif Muna.
  2168 | D:2      | Found a stormy altar of Qazlal.
  2580 | D:3      | Reached XP level 5. HP: 44/44 MP: 8/8
  2597 | D:3      | Reached skill level 8 in Stealth
  2842 | D:3      | Noticed Robin
  3100 | D:3      | Killed Robin
  3423 | D:3      | Reached skill level 9 in Stealth
  3909 | D:3      | Reached XP level 6. HP: 51/51 MP: 6/9
  3945 | D:3      | Reached skill level 10 in Stealth
  4204 | D:4      | Noticed Blork the orc
  4208 | D:4      | Killed Blork the orc
  4530 | D:4      | Found a basalt altar of Yredelemnul.
  4567 | D:5      | Entered Level 5 of the Dungeon
  4644 | D:5      | Reached XP level 7. HP: 56/57 MP: 10/10
  4909 | D:5      | Found a hide-covered altar of Uskayaw.
  5033 | D:5      | Found a shimmering altar of Xom.
  5197 | D:5      | Found a snail-covered altar of Cheibriados.
  5205 | D:5      | Became a worshipper of Cheibriados the Contemplative
  5229 | D:5      | Noticed Pikel
  5266 | D:5      | Slain by Pikel

Vault maps used:
D:1:      dpeg_arrival_pits, serial_bayou_pond_c, lemuel_old_faithful
D:2:      lemuel_blue_sif_altar, marbit_many_paths, first_bread
D:3:      uniq_robin
D:4:      yredelemnul_forgotten_temple_becter, uniq_blork_the_orc
D:5:      xom_butterflies, eat_drink_and_be_merry_uskayaw, slow_altar_2,
          makhleb_grotto_becter, minmay_temple_entry_glassed_door, uniq_pikel

Skill      XL: |  1  2  3  4  5  6  7 |
---------------+----------------------+-----
Dodging        | 2 |  2.0
Stealth        | 5 6 7 9 10 | 10.9
Fighting       | 1 3 |  3.3
Short Blades   | 3 |  3.0
Spellcasting   | |  2.0
Hexes          | |  3.0

Action                   |  1- 3 |  4- 6 |  7- 9 || total
-------------------------+-------+-------+-------++-------
Melee: Dagger            |    68 |   184 |    53 ||   305
 Cast: Ensorcelled Hiber |     5 |     8 |    11 ||    24
 Abil: Spit Poison       |    21 |    44 |       ||    65
  Use: Scroll            |     3 |     2 |     1 ||     6
       Potion            |       |       |     5 ||     5
 Stab: Sleeping          |     5 |    21 |     7 ||    33
       Distracted        |       |     2 |       ||     2
  Eat: Chunk             |     2 |    11 |     2 ||    15
Armor: Robe              |    10 |    27 |    15 ||    52
Dodge: Dodged            |    46 |    76 |    26 ||   148
